 Dungeon Crawl Stone Soup version 0.23-a0-350-g6fd5563 (webtiles) character file.

4050 Garbasso the Fighter (level 10, 0/80 HPs)
             Began as a Demonspawn Necromancer on Oct 20, 2018.
             Was a Follower of Kikubaaqudgha.
             Slain by an unseen horror (2 damage)
             ... on level 9 of the Dungeon.
             The game lasted 00:40:56 (11415 turns).

Garbasso the Fighter (Demonspawn Necromancer)      Turns: 11415, Time: 00:40:57

Health: 0/80       AC:  8    Str: 10    XL:     10   Next: 4%
Magic:  0/21       EV: 15    Int: 19    God:    Kikubaaqudgha [*.....]
Gold:   444        SH:  0    Dex: 13    Spells: 12/24 levels left

rFire    . . .     SeeInvis .   a - +5 quarterstaff of Facw {crush, rElec Int+2}
rCold    . . .     Gourm    .   (shield currently unavailable)
rNeg     . . .     Faith    .   w - +1 leather armour {rPois}
rPois    +         Spirit   +   (no helmet)
rElec    +         Reflect  .   (no cloak)
rCorr    .         Harm     .   q - +2 pair of gloves
MR       .....                  s - +0 pair of boots
Stlth    ++........             (no amulet)
HPRegen  1.23/turn              e - ring of poison resistance
MPRegen  0.34/turn              B - -2 ring of intelligence (curse)

@: regenerating (expiring)
A: claws 1, demonic guardian 2, magic shield, magic regeneration
a: Receive Corpses, Renounce Religion


You were on level 9 of the Dungeon.
You worshipped Kikubaaqudgha.
Kikubaaqudgha was aware of your devotion.
You were not hungry.

You visited 2 branches of the dungeon, and saw 10 of its levels.

You collected 444 gold pieces.

Inventory:

Hand Weapons
 a - the +5 quarterstaff of Facw (weapon) {crush, rElec Int+2}
   (You found it on level 9 of the Dungeon)

   It inflicts extra damage upon your enemies.
   It affects your intelligence (+2).
   It insulates you from electricity.
 b - a +0 blowgun
Missiles
 u - 53 poisoned needles
 x - 138 stones (quivered)
 A - a throwing net
Armour
 q - a +2 pair of gloves (worn)
 s - a +0 pair of boots (worn)
 w - a +1 leather armour of poison resistance (worn)
Magical Staves
 v - an uncursed staff of poison
Jewellery
 e - a ring of poison resistance (left hand)
 y - an uncursed ring of attention
 B - a cursed -2 ring of intelligence (right hand)
 E - an uncursed ring of protection from magic {unknown}
Wands
 p - a wand of scattershot (3)
 t - a wand of polymorph (21)
 F - a wand of disintegration (11)
 K - a wand of flame (18)
 N - a wand of digging (13)
Scrolls
 d - 5 scrolls of amnesia
 f - 6 scrolls of teleportation
 h - 3 scrolls of magic mapping
 m - 3 scrolls of enchant weapon
 z - 4 scrolls of enchant armour
 G - a scroll of holy word {unknown}
 I - a scroll of immolation
 J - 2 scrolls of identify
Potions
 g - a potion of magic
 i - 7 potions of curing
 j - 5 potions of lignification
 k - a potion of resistance
 l - 8 potions of might
 n - a potion of heal wounds {unknown}
 o - a potion of flight {unknown}
 r - a potion of invisibility {unknown}
 D - a potion of mutation {unknown}
 L - a potion of brilliance {unknown}
Comestibles
 c - 23 rations


   Skills:
 + Level 8.1 Fighting
 + Level 0.1 Staves
 + Level 7.0 Dodging
 + Level 1.9 Stealth
 - Level 7.5 Spellcasting
 - Level 7.0 Necromancy


You had 12 spell levels left.
You knew the following spells:

 Your Spells              Type           Power        Failure   Level  Hunger
a - Pain                  Necr           ####         1%          1    None
b - Animate Skeleton      Necr           N/A          1%          1    None
c - Regeneration          Chrm/Necr      ###.......   10%         3    #......
d - Animate Dead          Necr           N/A          8%          4    ###....
e - Vampiric Draining     Necr           ####......   2%          3    #......

Your spell library contained the following spells:

 Spells                   Type           Power        Failure   Level  Hunger
 Sublimation of Blood     Necr           ####......   1%          2    None
 Magic Dart               Conj           #...         13%         1    None
 Searing Ray              Conj           #.....       21%         2    None
 Dazzling Spray           Conj/Hex       #.....       36%         3    #......
 Force Lance              Conj/Tloc      #.......     78%         4    ###....
 Fulminant Prism          Conj/Hex       #.........   78%         4    ###....
 Iskenderun's Mystic Bla  Conj           #.......     78%         4    ###....


Dungeon Overview and Level Annotations

Branches:
Dungeon (9/15)             Temple (1/1) D:7
   Lair: D:8-11         Orc: D:9-12

Altars:
Ashenzari
Cheibriados
Dithmenos
Elyvilon
Fedhas
Gozag
Hepliaklqana
Kikubaaqudgha
Makhleb
Nemelex Xobeh
Okawaru
Qazlal
Ru
Sif Muna
Trog
Uskayaw
Vehumet
Wu Jian
Xom
Yredelemnul
Zin
The Shining One

Annotations:
D:4 3 runed doors, Nattefrost's ghost, amateur MfGl
D:6 3 runed doors, CLM's ghost, novice NaTm
D:8 exclusion: statue
D:9 2 runed doors, Soeti's ghost, novice OpTm


Innate Abilities, Weirdness & Mutations

You have sharp fingernails.
A demonic guardian rushes to your aid.
When hurt, damage is shared between your health and your magic reserves.
You regenerate magic rapidly.


Message History

* * * LOW HITPOINT WARNING * * *
Casting: Animate Skeleton (safe; 1% risk of failure)
Confirm with . or Enter, or press ? or * to list all spells.
Your skin crawls.
Something barely misses you.
The crimson imp blinks!
Something hits you.
* * * LOW HITPOINT WARNING * * *
Something hits you. Something hits you!
* * * LOW HITPOINT WARNING * * *
You see here 17 sling bullets.
Something completely misses you. Something hits you!
* * * LOW HITPOINT WARNING * * *
Something hits you but does no damage. Something hits you.
* * * LOW HITPOINT WARNING * * *
Your skin is crawling a little less now.
Something hits you.
You die...
Kikubaaqudgha rasps: "You have failed me!
Welcome... death!"

####.#.##########....# ##...##.##
......#.# #...### #.........
####..(## #...# ##.....>..
#####.### #...#######..##!..
........#### #.<.......#..##.#.
......)....#####...#####.#.....#.
........##.>.............#...###.
.............................###.
.........#......@........##......
...........#####...#####.###.####
.........### #.....)...# #.#
.##......# #...#########>##
.####.#### ###..(### ##...##
......# #.......## ##.....##
).###.# #........# #.......#
#.###.# #..#####.# #........
#.....# ##..# #5# #.......#


There were no monsters in sight!

Vanquished Creatures
  A hydra (D:7)
  A hungry ghost (D:7)
  A sky beast (D:7)
  An ice beast (D:5)
  A phantom (D:2)
  An ogre (D:7)
  Blork the orc (D:3)
  A bullfrog (D:9)
  A wyvern zombie (D:7)
  A gnoll sergeant (D:6)
  2 scorpions
  3 killer bees (D:8)
  2 crimson imps
  7 orc wizards
  4 bullfrog skeletons
  2 hounds
  A centaur skeleton (D:4)
  4 orc priests
  7 worker ants
  An iguana (D:4)
  A hound skeleton (D:9)
  5 gnolls
  8 adders
  2 oozes
  An adder skeleton (D:6)
  3 worms
  7 dart slugs
  4 leopard geckos
  22 orcs
  A ball python (D:1)
  5 giant cockroaches
  6 goblins
  10 hobgoblins
  4 jackals
  7 kobolds
  6 quokkas
  10 bats
  10 frilled lizards
  2 hobgoblin zombies (D:9)
  An orc skeleton (D:9)
  2 orc zombies (D:9)
  A quokka skeleton (D:5)
  8 rats
169 creatures vanquished.

Vanquished Creatures (collateral kills)
  A hydra (D:9)
  A two-headed ogre (D:5)
  Prince Ribbit (D:5)
  Sigmund (D:2)
  Eustachio (D:5)
  Menkaure (D:5)
  An orc warrior (D:9)
  An ogre (D:9)
  A crimson imp (D:9)
  A hound (D:9)
  An orc priest (D:7)
  2 adders
  A leopard gecko (D:2)
  2 bats (D:2)
  A giant cockroach (D:2)
  3 goblins
  A hobgoblin (D:2)
  2 jackals
  3 kobolds (D:6)
  2 frilled lizards
  A leopard gecko skeleton (D:9)
  3 rats
32 creatures vanquished.

Grand Total: 201 creatures vanquished

Notes
Turn   | Place    | Note
-------+----------+-------------------------------------------
     0 | D:1      | Garbasso the Demonspawn Necromancer began the quest for the
                  | Orb.
     0 | D:1      | Reached XP level 1. HP: 13/13 MP: 3/3
   347 | D:1      | Gained mutation: You have sharp fingernails. [demonic
                  | ancestry]
   347 | D:1      | Reached XP level 2. HP: 9/20 MP: 0/5
   517 | D:1      | Learned a level 1 spell: Animate Skeleton
   712 | D:1      | Reached skill level 1 in Fighting
   712 | D:1      | Reached skill level 5 in Necromancy
   984 | D:1      | Gained mutation: A weak demonic guardian rushes to your
                  | aid. [demonic ancestry]
   984 | D:1      | Reached XP level 3. HP: 19/26 MP: 2/6
  1066 | D:1      | Learned a level 3 spell: Vampiric Draining
  1838 | D:2      | Noticed Sigmund
  1838 | D:2      | Noticed a phantom
  1898 | D:1      | Gained mutation: When hurt, damage is shared between your
                  | health and your magic reserves. [demonic ancestry]
  1898 | D:1      | Reached XP level 4. HP: 30/33 MP: 3/7
  2043 | D:2      | Found a shadowy altar of Dithmenos.
  2143 | D:2      | Found a basalt altar of Yredelemnul.
  2209 | D:2      | Reached skill level 2 in Fighting
  2678 | D:2      | Killed a phantom
  2678 | D:2      | Reached XP level 5. HP: 11/39 MP: 4/9
  2731 | D:2      | Learned a level 4 spell: Animate Dead
  2756 | D:2      | Killed Sigmund
  2945 | D:2      | Found a blossoming altar of Fedhas.
  2972 | D:2      | Found a stormy altar of Qazlal.
  3519 | D:3      | Noticed Blork the orc
  3528 | D:3      | Killed Blork the orc
  3528 | D:3      | Reached skill level 3 in Fighting
  3528 | D:3      | Gained mutation: A demonic guardian rushes to your aid.
                  | [demonic ancestry]
  3528 | D:3      | Reached XP level 6. HP: 42/47 MP: 3/10
  3585 | D:3      | Found a deep blue altar of Sif Muna.
  4919 | D:4      | Reached XP level 7. HP: 49/52 MP: 3/12
  5452 | D:4      | Found a runed gate.
  5453 | D:4      | Found a runed gate.
  5453 | D:4      | Found a runed gate.
  5455 | D:4      | Noticed Nattefrost's ghost (amateur MfGl)
  5526 | D:5      | Entered Level 5 of the Dungeon
  5548 | D:5      | Noticed Menkaure
  5551 | D:5      | Killed Menkaure
  5551 | D:5      | Reached skill level 4 in Fighting
  5570 | D:5      | Learned a level 3 spell: Regeneration
  5833 | D:5      | Noticed Prince Ribbit
  6372 | D:5      | Noticed Eustachio
  6388 | D:5      | Killed Eustachio
  6656 | D:5      | Noticed a two-headed ogre
  6667 | D:5      | Killed a two-headed ogre
  6667 | D:5      | Reached skill level 5 in Fighting
  6667 | D:5      | Reached skill level 5 in Spellcasting
  6667 | D:5      | Reached XP level 8. HP: 29/63 MP: 0/16
  6695 | D:5      | Killed Prince Ribbit
  7566 | D:6      | Reached skill level 6 in Fighting
  7566 | D:6      | Reached skill level 5 in Dodging
  8142 | D:6      | Found a runed gate.
  8142 | D:6      | Found a runed gate.
  8144 | D:6      | Found a runed gate.
  8425 | D:6      | Noticed CLM's ghost (novice NaTm)
  8499 | D:7      | Noticed a five-headed hydra
  8506 | D:7      | Killed a five-headed hydra
  8506 | D:7      | Reached XP level 9. HP: 34/71 MP: 0/18
  8756 | D:7      | Reached skill level 7 in Fighting
  9167 | D:7      | Found an iron altar of Okawaru.
  9232 | D:7      | Found a staircase to the Ecumenical Temple.
  9241 | Temple   | Entered the Ecumenical Temple
  9406 | Temple   | Became a worshipper of Kikubaaqudgha
  9669 | D:7      | You fall through a shaft for 2 floors!
  9669 | D:9      | Noticed a four-headed hydra
  9674 | D:9      | Killed a four-headed hydra
  9709 | D:9      | Got a polished quarterstaff
  9710 | D:9      | Identified the +5 quarterstaff of Facw {crush, rElec Int+2}
                  | (You found it on level 9 of the Dungeon)
  9914 | D:9      | Found a large runed door.
  9914 | D:9      | Found a large runed door.
  9915 | D:9      | Noticed Soeti's ghost (novice OpTm)
 10021 | D:9      | Reached skill level 8 in Fighting
 10213 | D:9      | Found a glowing golden altar of the Shining One.
 10615 | D:8      | Reached * piety under Kikubaaqudgha
 10615 | D:8      | Identified Kikubaaqudgha's Papyrus of Black Rituals
                  | (Kikubaaqudgha gifted it to you on level 8 of the Dungeon)
 10615 | D:8      | Received a gift from Kikubaaqudgha
 10615 | D:8      | Gained mutation: You regenerate magic rapidly. [demonic
                  | ancestry]
 10615 | D:8      | Reached XP level 10. HP: 67/80 MP: 18/21
 10624 | D:8      | Found a radiant altar of Vehumet.
 10870 | D:8      | Identified 2 scrolls of acquirement
 10871 | D:8      | Got a transparent chain mail
 10882 | D:8      | Identified the +0 chain mail of Sovereignty {rPois rCorr}
                  | (You acquired it on level 8 of the Dungeon)
 11109 | D:8      | Found a glowing golden altar of the Shining One.
 11173 | D:8      | Found an opulent altar of Gozag.
 11413 | D:9      | HP: 2/80 [something (6)]
 11415 | D:9      | Slain by an unseen horror

Vault maps used:
D:1:      denvon_arrival_waterhouse, chequers_serial_rivers_marsh
D:2:      nicolae_overflow_quartered_altars, kennysheep_another_room,
          uniq_sigmund
D:3:      tgw_sif, serial_glass, glass_columns_a, glass_columns_b,
          cheibrodos_gnoll_hut
D:4:      ebering_ghost_rock_garden, uniq_blork_the_orc
D:5:      first_ration, uniq_eustachio, uniq_prince_ribbit1, uniq_menkaure
D:6:      corexii_shack_village, gammafunk_ghost_necromancy
D:7:      kennysheep_okawaru_gauntlet, minmay_temple_entry_butterflies
D:8:      lemuel_coloured_pillars_altar, vehumet_statue, lemuel_crystal_altar
D:9:      ebering_ghost_disaster_area, nicolae_tso_besieged_by_evil
Temple:   oiseaux_autumnal_temple

Skill      XL: |  1  2  3  4  5  6  7  8  9 |
---------------+----------------------------+-----
Fighting       | 1 2 3 5 6 8 |  8.1
Necromancy     | 5 6 7 |  7.0
Spellcasting   | 3 5 6 7 |  7.5
Dodging        | 2 4 5 7 |  7.0
Staves         | |  0.1
Stealth        | |  1.9

Action                   |  1- 3 |  4- 6 |  7- 9 | 10-12 || total
-------------------------+-------+-------+-------+-------++-------
Melee: Mace              |    21 |   131 |    18 |       ||   170
       Halberd           |       |       |   149 |       ||   149
       Quarterstaff      |       |       |    56 |    43 ||    99
 Fire: Blowgun           |       |       |    32 |       ||    32
 Cast: Pain              |    43 |    79 |   118 |     7 ||   247
       Animate Skeleton  |     9 |    19 |     6 |     1 ||    35
       Vampiric Draining |     1 |     1 |       |       ||     2
       Animate Dead      |       |    12 |    19 |     3 ||    34
       Regeneration      |       |       |     7 |     1 ||     8
Evoke: Wand              |       |       |     2 |       ||     2
  Use: Scroll            |     6 |     6 |     7 |     3 ||    22
 Stab: Sleeping          |     1 |     4 |     8 |       ||    13
       Distracted        |       |     2 |     1 |       ||     3
  Eat: Chunk             |     4 |     9 |    14 |     1 ||    28
       Ration            |       |     1 |     5 |     1 ||     7
Armor: Robe              |    10 |    91 |    18 |       ||   119
       Leather armour    |       |       |    91 |    31 ||   122
Dodge: Dodged            |    25 |   143 |   214 |    63 ||   445

Table legend:
 A = Non-vault XP
 B = Vault XP
 C = Vault XP percentage of total XP
 D = Non-vault monster count
 E = Vault monster count
 F = Vault count percentage of total count
                 A         B        C        D         E       F
            +---------+---------+-------+---------+---------+-------
      Total |    5068 |     719 |  12.4 |     171 |      30 |  14.9
            +---------+---------+-------+---------+---------+-------
        D:1 |      68 |       0 |   0.0 |      22 |       0 |   0.0
        D:2 |     168 |     157 |  48.3 |      31 |       2 |   6.1
        D:3 |      49 |     150 |  75.4 |      19 |       3 |  13.6
        D:4 |     279 |       0 |   0.0 |      21 |       0 |   0.0
        D:5 |     962 |     378 |  28.2 |      18 |       3 |  14.3
        D:6 |     339 |      25 |   6.9 |      17 |      15 |  46.9
        D:7 |    1546 |       4 |   0.3 |      15 |       2 |  11.8
        D:8 |     353 |       0 |   0.0 |      15 |       0 |   0.0
        D:9 |    1304 |       5 |   0.4 |      13 |       5 |  27.8
            +---------+---------+-------+---------+---------+-------
